 Dungeon Crawl Stone Soup version 0.29-a0-251-g80730f7218 (webtiles) character file.

Game seed: 10961174142801861281

931 spaghetti the Fighter (level 7, -5/69 HPs)
             Began as a Demigod Fighter on Mar 5, 2022.
             Slain by an ogre
             ... wielding a +0 giant club
              (8 damage)
             ... on level 5 of the Dungeon.
             The game lasted 00:07:54 (6431 turns).

spaghetti the Fighter (Demigod Fighter)             Turns: 6431, Time: 00:07:55

Health: -5/69      AC: 11    Str: 17    XL:     7   Next: 55%
Magic:  9/9        EV:  4    Int: 20    God:
Gold:   181        SH:  4    Dex: 13    Spells: 6/6 levels left

rFire   + . .      SeeInvis +   x - +1 dagger (venom) {short}
rCold   + + .      Faith    .   b - +0 buckler
rNeg    . . .      Spirit   .   g - +0 plate armour of Ciyl {rC+ Will+ Int+2 SInv}
rPois   .          Reflect  .   (helmet restricted)
rElec   .          Harm     .   (no cloak)
rCorr   .          Rampage  .   (no gloves)
Will    +....      Rage     1%  (no boots)
Stlth   ..........              (no amulet)
HPRegen 0.21/turn               (no ring)
MPRegen 0.11/turn               (no ring)

@: no status effects
A: high MP 1, forlorn, divine attributes, horns 1, berserk 1, cold resistance 1,
fire resistance 1
a: no special abilities


You were on level 5 of the Dungeon.
You visited 1 branch of the dungeon, and saw 5 of its levels.

You collected 181 gold pieces.


Innate Abilities, Weirdness & Mutations

You have an increased reservoir of magic. (+10% MP)
You shall have no god before yourself.
Your divine heritage dramatically boosts your attributes as you level up.
You have a pair of small horns on your head.
You tend to lose your temper in combat.
Your flesh is cold resistant. (rC+)
Your flesh is heat resistant. (rF+)


   Skills:
 + Level 8.8 Fighting
 - Level 2.6 Armour
 - Level 2.6 Shields
 - Level 1.7 Unarmed Combat


You had 6 spell levels left.
You didn't know any spells.
Your spell library contained the following spells:

 Spells                   Type           Power      Damage    Failure   Level
 Magic Dart               Conj           0%         1d3       100%        1
 Corpse Rot               Necr/Air       0%         N/A       100%        2
 Poisonous Vapours        Pois/Air       0%         N/A       100%        2
 Searing Ray              Conj           0%         2d4       100%        2
 Fulminant Prism          Conj/Hex       0%         3d6       100%        4

Inventory:

Hand Weapons
 x - a +1 dagger of venom (weapon) {short}
   (You took it off a goblin on level 2 of the Dungeon)
Missiles
 c - 4 boomerangs {throwing}
 j - 134 stones (quivered) {throwing}
 l - 8 poisoned darts {throwing}
Armour
 a - a +0 scale mail
 b - a +0 buckler (worn)
 g - the +0 plate armour of Ciyl (worn) {rC+ Will+ Int+2 SInv}
   (You took it off a goblin on level 2 of the Dungeon)

   Int:       It affects your intelligence (+2).
   rC:        It protects you from cold.
   SInv:      It lets you see invisible.
   Will:      It increases your willpower.
 k - a scarf of invisibility
   (You found it on level 4 of the Dungeon)
Magical Staves
 u - a staff of conjuration {!a@e2staff}
   (You found it on level 2 of the Dungeon)
Jewellery
 d - a ring of protection from cold
   (You took it off an orc on level 3 of the Dungeon)
Wands
 h - a wand of polymorph (12)
   (You found it on level 4 of the Dungeon)
 m - a wand of iceblast (7)
   (You found it on level 5 of the Dungeon)
 o - a wand of flame (8)
   (You found it on level 3 of the Dungeon)
Scrolls
 e - a scroll of silence {!r}
 f - 4 scrolls of identify {@r1}
 i - a scroll of magic mapping {!r}
 n - a scroll of brand weapon
 q - 2 scrolls of immolation {!r!r}

Dungeon Overview and Level Annotations

Branches:
Dungeon (5/15)             Temple (0/1) D:4

Shops:
D:2

[ ####### #.....#
#####.###.##
#..........#
#.......#..#
#######.....#.#..##
#.@c.....#..#......
###Oo####..#.......##
#§hS§#.....#.#####.##
#§#§§#.##.##.......##
#o###.....###########
#S..#..).######## ##
#.#.#....##.....# #.
#o..#....##.....# #.
#O#†#....##.....# #.


You could see a water moccasin, an ogre (poisoned), a centaur (invisible,
extremely poisoned), a howler monkey and an orc (resistant).


Message History

You are too injured to fight recklessly!
An iguana is nearby!
An iguana is nearby!
You barely miss the iguana.
You kill the iguana! 😮 HP[+1]
j - 134 stones {throwing} (gained 19)
You see here an iguana corpse.
You start resting. 😎 HP[+25]
Your hp is fully restored (69).
An orc comes into view. It is wielding a +0 mace.
The orc shouts!
You hear an angry hiss.
You hear a shout!
An ogre comes into view. It is wielding a +0 giant club.
The orc drinks a potion.
The orc suddenly seems more resistant.
A water moccasin comes into view.
An ogre comes into view. It is wielding a +0 giant club.
The orc barely misses you.
The ogre shouts!
You hit the orc.
You hear a howl!
The orc hits you with a +0 mace.
You hear a shout!
The water moccasin hisses angrily. 😕 HP[-3]
You take 3 damage, and now have 66/69 hp.
You hit the orc but do no damage.
You hear an angry hiss.
A howler monkey comes into view.
The orc hits you with a +0 mace. 😕 HP[-2]
You take 2 damage, and now have 64/69 hp.
You hit the ogre.
The ogre is poisoned.
Your headbutt misses the ogre.
The ogre hits you with a +0 giant club!! 😮 HP[-24]
You take 24 damage, and now have 40/69 hp.
MASSIVE DAMAGE!! (PAUSE)
Okay, then.
Okay, then.
Okay, then. 😮 HP[+1]
You see here an iguana corpse.
An orc comes into view.
It is wielding a +0 short sword of protection and quivering boomerangs of dispersal.
The orc shouts!
The orc moves out of view. 😮 HP[+1]
The centaur unwields a +0 quarterstaff.
The centaur wields a +0 shortbow.
The centaur shoots an arrow.
The arrow hits you!
* * * LOW HITPOINT WARNING * * *
😨 HP[-10]
You take 10 damage, and now have 32/69 hp.
Okay, then.
As you read the scroll of fog, it crumbles to dust.
The scroll dissolves into smoke.
The ogre hits you with a +0 giant club!
* * * LOW HITPOINT WARNING * * *
😨 HP[-10]
You take 10 damage, and now have 22/69 hp.
Okay, then.
Okay, then.
The centaur shoots an arrow.
The arrow hits you.
* * * LOW HITPOINT WARNING * * *
😱 HP[-5]
You take 5 damage, and now have 17/69 hp.
The centaur unwields a +0 shortbow.
The centaur wields a +0 quarterstaff.
The centaur hits you with a +0 quarterstaff.
* * * LOW HITPOINT WARNING * * *
You block the centaur's attack.
The centaur drinks a potion.
The centaur flickers and vanishes for a moment. 😱 HP[-4]
You take 4 damage, and now have 13/69 hp.
Okay, then.
Okay, then.
You feel better.
The centaur zaps a wand.
You resist with almost no effort. The ogre hits you with a +0 giant club!
* * * LOW HITPOINT WARNING * * *
😱 HP[-5]
You take 5 damage, and now have 8/69 hp.
Unknown command.
Unknown command.
Unknown command.
Unknown command.
You hit the centaur.
The centaur is poisoned.
You headbutt the centaur.
The centaur hits you with a +0 quarterstaff.
* * * LOW HITPOINT WARNING * * *
The centaur kicks you but does no damage.
You block the centaur's attack.
The centaur kicks you but does no damage.
You block the ogre's attack. 😱 HP[-4]
You take 4 damage, and now have 4/69 hp.
You hit the centaur but do no damage.
The centaur looks as sick as possible!
The centaur hits you but does no damage.
The centaur kicks you but does no damage.
You completely miss the centaur.
The centaur hits you with a +0 quarterstaff.
* * * LOW HITPOINT WARNING * * *
You block the centaur's attack. The ogre hits you with a +0 giant club!
You die...

Skill      XL: |  1  2  3  4  5  6  7 |
---------------+----------------------+-----
Fighting       | 3 4 5 6 7 8 |  8.8
Armour         | |  2.6
Shields        | |  2.6
Unarmed Combat | |  1.7

Action                   |  1- 3 |  4- 6 |  7- 9 || total
-------------------------+-------+-------+-------++-------
Melee: Unarmed           |   174 |       |       ||   174
       Dagger            |    44 |   167 |    59 ||   270
       Headbutt          |       |    33 |    16 ||    49
Evoke: Wand              |       |       |     2 ||     2
  Use: Scroll            |     5 |     2 |     4 ||    11
       Potion            |     3 |     4 |     2 ||     9
Armor: Scale mail        |    71 |    40 |       ||   111
       Skin              |     7 |     5 |       ||    12
       Plate armour      |       |    34 |    47 ||    81
Dodge: Dodged            |    87 |    53 |    13 ||   153
Block: Buckler           |    38 |    41 |    16 ||    95

Levels and vault maps discovered:
D:1:      matt_arrival_grand_opening, layout_basic,
          shapermc_ecumenical_altar_totnotflames, chequers_serial_rivers_marsh
D:2:      layout_loops_cross, basic_altar, serial_shops,
          nicolae_shop_advertising_works [nicolae_subvault_shop_adworks]
D:3:      layout_basic, grunt_temple_overflow_growth_and_decay,
          dreamdust_princess_corridor, lightli_corner_chamber, uniq_robin,
          uniq_jessica
D:4:      layout_basic, minmay_temple_entry_hall, minmay_misc_feat_x
D:5:      layout_loops_cross, nicolae_wu_jian_wuxing_cycle, grunt_gozag_statues,
          minmay_crystal_water, hangedman_minor_gate_pass

Notes
Turn   | Place    | Note
-------+----------+-------------------------------------------
     0 | D:1      | spaghetti the Demigod Fighter began the quest for the Orb.
     0 | D:1      | Reached XP level 1. HP: 18/18 MP: 3/3
     0 | D:1      | magus.rc [v1.9.6]
   446 | D:1      | Reached skill level 3 in Fighting
   793 | D:1      | Reached XP level 2. HP: 11/26 MP: 4/4
  1261 | D:1      | You pick up a book of Conjurations {@e2} and begin
                  | reading...
  1261 | D:1      | You add the spells Magic Dart, Searing Ray and Fulminant
                  | Prism to your library.
  1978 | D:2      | Found Ypanacef's Armour Shoppe.
  2054 | D:2      | Reached XP level 3. HP: 33/33 MP: 5/5
  2225 | D:2      | Reached skill level 4 in Fighting
  2564 | D:2      | Identified the +0 plate armour of Ciyl {rC+ Will+ Int+2
                  | SInv}
  2668 | D:3      | Noticed Robin
  2813 | D:3      | Killed Robin
  2900 | D:3      | Gained mutation: You have a pair of small horns on your
                  | head. [potion of mutation]
  2900 | D:3      | Gained mutation: Your flesh is cold resistant. (rC+)
                  | [potion of mutation]
  2900 | D:3      | Gained mutation: You tend to lose your temper in combat.
                  | [potion of mutation]
  2900 | D:3      | Gained mutation: Your flesh is heat resistant. (rF+)
                  | [potion of mutation]
  2908 | D:3      | HP: 5/51 [orc priest/divine providence (10)]
  2910 | D:3      | Reached XP level 4. HP: 6/41 MP: 6/6
  2916 | D:3      | Reached skill level 5 in Fighting
  3372 | D:3      | You pick up a book of Vapours and begin reading...
  3372 | D:3      | You add the spells Poisonous Vapours and Corpse Rot to your
                  | library.
  3557 | D:3      | Noticed a phantom
  3594 | D:3      | Noticed Jessica
  3602 | D:3      | Killed Jessica
  3603 | D:3      | Reached XP level 5. HP: 48/48 MP: 7/7
  4119 | D:4      | HP: 11/50 [orc priest/+0 short sword (5)]
  4121 | D:4      | Reached skill level 6 in Fighting
  4121 | D:4      | HP: 3/50 [orc priest/+0 hand axe (6)]
  4503 | D:4      | Reached XP level 6. HP: 42/58 MP: 8/8
  4798 | D:4      | Found a staircase to the Ecumenical Temple.
  4888 | D:4      | Reached skill level 7 in Fighting
  5180 | D:5      | Entered Level 5 of the Dungeon
  5499 | D:5      | Reached XP level 7. HP: 52/67 MP: 9/9
  5680 | D:5      | Reached skill level 8 in Fighting
  5682 | D:5      | HP: 15/68 [orc wizard/magic dart (6)]
  6426 | D:5      | HP: 17/69 [centaur/arrow (6)]
  6428 | D:5      | HP: 8/69 [ogre/+0 giant club (15)]
  6431 | D:5      | HP: 3/69 [centaur/+0 quarterstaff (2)]
  6431 | D:5      | Slain by an ogre

Vanquished Creatures
  A black bear (D:5)
  2 ice beasts (D:5)
  An ogre (D:4)
  A scorpion (D:4)
  A howler monkey (D:4)
  2 jellies
  3 orc priests
  A hound (D:5)
  Jessica (D:3)
  3 iguanas (D:5)
  An orc wizard (D:5)
  Robin (D:3)
  5 adders
  A shadow imp (D:4)
  A white imp (D:3)
  2 dart slugs
  13 orcs
  9 endoplasms
  3 giant cockroaches
  10 hobgoblins
  3 jackals (D:3)
  3 quokkas
  6 ball pythons
  A bat (D:2)
  3 frilled lizards
  9 goblins
  9 kobolds
  6 rats
102 creatures vanquished.

Vanquished Creatures (others)
  4 withered plants (D:3)
4 creatures vanquished.

Grand Total: 106 creatures vanquished

Table legend:
 A = Non-vault XP
 B = Vault XP
 C = Vault XP percentage of total XP
 D = Non-vault monster count
 E = Vault monster count
 F = Vault count percentage of total count
                 A         B        C        D         E       F
            +---------+---------+-------+---------+---------+-------
      Total |    1234 |      96 |   7.2 |      94 |       8 |   7.8
            +---------+---------+-------+---------+---------+-------
        D:1 |      33 |       0 |   0.0 |      19 |       0 |   0.0
        D:2 |      37 |       9 |  19.6 |      16 |       5 |  23.8
        D:3 |     158 |      52 |  24.8 |      27 |       2 |   6.9
        D:4 |     409 |       0 |   0.0 |      19 |       0 |   0.0
        D:5 |     597 |      35 |   5.5 |      13 |       1 |   7.1
            +---------+---------+-------+---------+---------+-------

Illustrated notes

Table legend:
 A = Kills in this place as a percentage of kills in entire the game.
 B = Kills by you in this place as a percentage of kills by you in the entire game.
 C = Kills by friends in this place as a percentage of kills by friends in the entire game.
 D = Other kills in this place as a percentage of other kills in the entire game.
 E = Experience gained in this place as a percentage of experience gained in the entire game.
 F = Experience gained in this place divided by the number of levels of this place that you have seen.
                   A       B       C       D       E      F
               +-------+-------+-------+-------+-------+----------------------
         Total | 100.0 | 100.0 |   N/A |   N/A | 100.0 | 266.0
       Dungeon | 100.0 | 100.0 |   N/A |   N/A | 100.0 | 266.0
               +-------+-------+-------+-------+-------+----------------------

Table legend: (Time is in decaauts)
 A = Elapsed time spent in this place.
 B = Non-inter-level travel time spent in this place.
 C = Inter-level travel time spent in this place.
 D = Time resting spent in this place.
 E = Time spent auto-exploring this place.
 F = Levels seen in this place.
 G = Mean time per level.
                   A        B        C        D        E       F      G
               +--------+--------+--------+--------+--------+-----+--------+
         Total |   6498 |   6414 |     84 |   2674 |   2828 |   5 | 1299.6 |
       Dungeon |   6498 |   6414 |     84 |   2674 |   2828 |   5 | 1299.6 |
               +--------+--------+--------+--------+--------+-----+--------+

Top non-repeatable levels by time:
     D:1: 1563 daAuts
     D:3: 1300 daAuts
     D:5: 1254 daAuts
     D:2: 1238 daAuts
     D:4: 1141 daAuts
